Map: Ruins of Seras

Players

MorN - Winner!

  • Race: Terran Terran
  • League: Diamond

asdasdasdasd

  • Race: Zerg Zerg
  • League: Diamond

VOD

Have the link to the VOD?

Description

Time

  • Played on: Nov. 15, 2015, 5:40 p.m.
  • Length: 14:06
Show
View Real Time Build Order
Export as new Build Order

MorN Terran - Winner!

Build Orders: Liberator Opening, Reaper Expand, MMM Bio 

Get SALT Encoding   

  12  0:01  SCV  
  13  0:13  SCV  
  14  0:18  Supply Depot  
  14  0:25  SCV  
  15  0:40  SCV  
  15  0:41  Barracks  
  16  0:46  Refinery  
  16  0:55  SCV  
  17  1:08  SCV  
  18  1:20  SCV  
  19  1:30  Reaper  
  20  1:32  Orbital Command  
  20  1:43  Command Center  
  20  1:54  Refinery  
  20  1:58  Supply Depot  
  20  2:07  SCV  
  21  2:09  Barracks Reactor  
  21  2:19  SCV  
  21  2:22  Factory  
  22  2:32  SCV  
  23  2:44  SCV  
  24  2:48  Marine x2  
  26  2:55  Orbital Command  
  26  2:56  SCV  
  27  3:09  SCV  
  27  3:10  Marine x2  
  30  3:12  Factory Reactor  
  30  3:15  Starport  
  30  3:21  SCV  
  30  3:24  SCV  
  32  3:29  Marine x2  
  32  3:34  SCV  
  35  3:36  SCV  
  36  3:42  Liberator  
  36  3:46  SCV  
  36  3:48  SCV  
  37  3:49  Marine x2  
  37  3:50  Command Center  
  37  3:54  Liberator  
  39  3:58  SCV  
  39  4:00  SCV  
  44  4:15  Supply Depot  
  47  4:19  SCV  
  47  4:21  SCV, Barracks Tech Lab  
  47  4:23  Hellion x2  
  53  4:31  SCV  
  54  4:36  SCV  
  54  4:38  Supply Depot  
  55  4:41  Stimpack  
  55  4:43  Marauder  
  57  4:48  Hellion x2  
  57  4:50  SCV  
  62  4:59  Barracks  
  63  5:00  SCV, Barracks  
  63  5:03  Starport Reactor  
  63  5:07  SCV  
  64  5:15  Marauder  
  64  5:16  Orbital Command  
  66  5:25  Engineering Bay x2  
  66  5:30  Barracks  
  66  5:33  Factory Reactor, Barracks  
  63  5:36  Marine  
  64  5:43  Supply Depot  
  64  5:49  Marine x2  
  66  5:52  Starport Reactor  
  66  5:53  Refinery, Marine  
  66  5:54  Terran Infantry Weapons Level 1, Terran Infantry Armor Level 1  
  67  5:57  Marine x2  
  67  5:59  SCV  
  67  6:02  Refinery  
  70  6:07  Marine x2  
  70  6:08  SCV  
  70  6:10  Supply Depot  
  73  6:11  Marine  
  73  6:13  SCV  
  73  6:15  Marine x2  
  74  6:21  Marine x2  
  74  6:24  Armory, SCV x2  
  74  6:25  Factory Tech Lab, Marine  
  79  6:28  Supply Depot  
  79  6:30  SCV, Marine  
  81  6:34  Medivac  
  81  6:35  Medivac  
  81  6:37  SCV x2  
  87  6:41  Combat Shields  
  87  6:42  SCV  
  88  6:48  Marine  
  88  6:49  SCV x2, Marine x4  
  95  6:54  SCV, Orbital Command  
  95  6:56  Supply Depot, Siege Tank, Marine  
  95  7:00  Marauder  
  102  7:07  Medivac  
  102  7:08  Medivac  
  106  7:21  Supply Depot, Marauder  
  108  7:23  SCV x2  
  110  7:31  SCV  
  110  7:32  Siege Tank  
  110  7:35  SCV, Marine x2  
  117  7:42  Marine x5  
  122  7:48  Supply Depot  
  122  7:50  SCV  
  123  7:53  Terran Infantry Weapons Level 2, Marine x2  
  123  7:54  Barracks Reactor  
  123  7:56  Terran Infantry Armor Level 2  
  125  8:01  Supply Depot  
  125  8:02  Supply Depot  
  125  8:05  Supply Depot  
  125  8:06  Refinery  
  125  8:08  Refinery  
  125  8:09  Marine x5  
  125  8:10  SCV x3  
  133  8:23  SCV x3, Marine x2  
  138  8:27  Marine x5  
  138  8:33  Supply Depot  
  143  8:35  SCV x2  
  143  8:40  Marine x2  
  147  8:45  Marauder, Marine x2  
  147  8:46  Marine x3  
  119  9:00  Marine x2  
  113  9:04  Marine x4  
  113  9:05  Marine  
  113  9:07  Marauder  
  113  9:09  Barracks  
  119  9:10  Barracks  
  119  9:12  Barracks  
  119  9:17  Marine  
  119  9:18  Marine x2  
  119  9:20  Siege Tank, Medivac x2  
  129  9:28  Marauder  
  122  9:33  Marine  
  123  9:40  Marine x2  
  123  9:42  Factory  
  123  9:45  Supply Depot x2  
  125  9:47  SCV x2  
  125  9:50  Marauder  
  125  9:52  Siege Tank, Marine  
  132  9:53  Marine x4  
  132  9:59  Marine x2  
  137  10:00  Marine x2  
  137  10:03  Supply Depot  
  141  10:11  Marauder  
  143  10:16  Marine x2  
  143  10:17  Marine x4  
  143  10:19  Barracks Tech Lab x2  
  143  10:20  Barracks Tech Lab  
  149  10:23  Marine x2  
  148  10:32  Marauder  
  148  10:34  Marine x3  
  148  10:35  Marine  
  150  10:36  SCV x3  
  150  10:38  Marine x2  
  150  10:39  Siege Tank, Marauder  
  150  10:40  Factory Reactor  
  150  10:42  Terran Infantry Weapons Level 3, Terran Infantry Armor Level 3  
  160  10:48  SCV x3  
  163  10:54  Marine, Marauder  
  163  10:55  Marine x3  
  163  10:56  Marauder x2  
  173  11:00  SCV, Marauder  
  137  11:15  Marauder  
  137  11:16  Thor, Widow Mine x2  
  137  11:18  SCV x2  
  146  11:25  Medivac x2  
  146  11:27  Marine x2  
  146  11:28  Marauder x2, Marine x2  
  146  11:29  Marauder  
  155  11:36  Marauder  
  158  11:45  Marine x2, Widow Mine x2  
  158  11:46  Command Center  
  162  11:53  Marine x5  
  167  11:55  Medivac  
  167  12:01  Marine  
  170  12:03  Missile Turret  
  170  12:20  Marine x4  
  170  12:21  Marauder  
  176  12:22  Medivac  
  176  12:25  Medivac  
  165  12:32  Marine x2  
  165  12:35  Marine x3  
  165  12:36  Marauder  
  169  12:37  Marine  
  169  12:38  Marine x2  
  169  12:42  Marauder  
  169  12:43  Marine x2  
  173  12:50  Marine x2  
  170  12:52  Medivac  
  170  12:53  Marauder, Marine  
  170  12:55  Medivac  
  175  13:00  Thor  
  175  13:02  Marine  
  161  13:13  Marine x4  
  140  13:20  Marine x2  
  140  13:21  Marine x2  
  134  13:27  Marine  
  134  13:28  Medivac  
  136  13:38  Marine x4  
Show
View Real Time Build Order
Export as new Build Order

asdasdasdasd Zerg 

Build Orders: Hatch First, Muta Ling Bane 

Get SALT Encoding   

  12  0:01  Drone  
  13  0:09  Drone  
  14  0:18  Overlord  
  14  0:25  Drone, Extractor  
  15  0:49  Hatchery  
  14  0:52  Drone  
  14  0:55  Drone  
  16  1:08  Drone x2  
  16  1:11  Extractor  
  17  1:28  Drone, Spawning Pool  
  17  1:31  Drone  
  18  1:42  Drone  
  19  1:51  Drone  
  20  2:12  Drone  
  20  2:13  Drone  
  20  2:14  Queen x2  
  20  2:15  Zergling x4  
  28  2:21  Overlord  
  28  2:26  Metabolic Boost  
  28  2:30  Extractor  
  27  2:50  Queen  
  29  2:51  Queen  
  29  2:57  Overlord  
  29  2:58  Drone x2  
  33  3:03  Drone  
  34  3:11  Drone  
  35  3:17  Drone x3  
  38  3:25  Queen  
  40  3:30  Overlord  
  40  3:31  Drone x2  
  42  3:46  Drone, Extractor  
  42  3:52  Drone x4  
  46  3:56  Drone  
  46  4:01  Roach Warren  
  46  4:04  Drone x5  
  46  4:08  Overlord x2  
  51  4:23  Overlord  
  51  4:24  Hatchery  
  50  4:41  Roach x7  
  64  4:56  Drone x4  
  64  4:59  Extractor  
  66  5:13  Ravager x4  
  69  5:32  Overlord, Drone  
  69  5:33  Drone x5  
  75  5:49  Overlord, Drone x2  
  78  5:50  Drone x4, Queen  
  78  5:52  Lair  
  78  5:56  Evolution Chamber  
  82  5:57  Evolution Chamber  
  82  6:00  Baneling Nest  
  80  6:17  Drone x12  
  92  6:25  Zerg Ground Armor Level 1, Zerg Melee Weapons Level 1  
  92  6:29  Overlord x2  
  92  6:35  Overlord x2  
  92  6:45  Spore Crawler  
  92  6:46  Zergling x12  
  97  6:49  Spore Crawler  
  97  6:51  Centrifical Hooks  
  96  7:07  Overseer  
  96  7:16  Zergling x24  
  109  7:30  Drone x5  
  109  7:34  Extractor  
  109  7:35  Extractor  
  109  7:36  Overlord  
  111  7:42  Baneling x6  
  111  7:45  Hatchery  
  110  7:53  Drone x4  
  110  7:56  Drone x3, Extractor  
  110  7:57  Drone x2  
  110  7:58  Spire  
  117  8:09  Overlord  
  117  8:10  Overlord  
  117  8:13  Zergling x16  
  117  8:16  Queen  
  117  8:18  Hatchery  
  117  8:19  Overlord  
  126  8:21  Baneling x9  
  126  8:22  Baneling x7  
  126  8:24  Overlord x2  
  126  8:35  Zergling x16  
  134  8:44  Zergling x2  
  134  8:45  Zergling x8  
  114  8:56  Zergling x6  
  111  9:05  Zergling x6  
  111  9:06  Zergling x6  
  111  9:09  Zerg Ground Armor Level 2, Zerg Melee Weapons Level 2  
  115  9:11  Zergling x4  
  115  9:12  Zergling x2  
  114  9:20  Baneling  
  114  9:21  Zergling x2, Baneling x3  
  114  9:22  Zergling x6  
  118  9:28  Zergling x2  
  118  9:29  Zergling x2  
  118  9:35  Drone x3  
  118  9:36  Queen  
  118  9:38  Mutalisk x5  
  123  9:39  Mutalisk  
  135  9:51  Zergling x2  
  135  9:52  Zergling x12  
  142  9:53  Overseer  
  142  9:55  Overseer  
  142  10:04  Mutalisk x5  
  152  10:20  Zergling x16  
  152  10:21  Zergling x4  
  156  10:29  Zergling x2  
  156  10:30  Zergling x4  
  155  10:38  Zergling x4  
  157  10:46  Baneling x15  
  157  10:47  Baneling x18  
  154  10:52  Zergling x10  
  154  10:53  Overlord x4  
  138  11:08  Drone x13  
  141  11:18  Mutalisk x4  
  149  11:29  Drone x3  
  149  11:30  Drone  
  153  11:35  Drone x4  
  153  11:38  Zergling x2, Extractor x2  
  153  11:39  Zergling x14  
  163  11:50  Hatchery  
  162  11:57  Infestation Pit  
  161  12:04  Baneling x6  
  161  12:05  Zergling x2, Baneling x4  
  161  12:06  Zergling x20  
  168  12:13  Zergling x2  
  168  12:14  Zergling x18  
  173  12:21  Overlord x2  
  168  12:23  Overlord x2  
  155  12:31  Zergling x2  
  155  12:32  Zergling x10  
  145  12:47  Zergling x2  
  145  12:48  Zergling x20  
  145  12:50  Baneling  
  145  12:51  Baneling x3  
  141  12:59  Zergling x12  
  118  13:15  Zergling x8  
  118  13:16  Zergling x8  
  114  13:21  Zergling x4  
  106  13:31  Zergling x6  
  106  13:32  Zergling x2  
  110  13:35  Hatchery  
  110  13:37  Baneling x8  
  110  13:38  Baneling  
  110  13:40  Zergling x4  
  109  13:45  Zergling x4  
  105  13:49  Zergling x4  
Tags
 
Add a new tag
Caveats
  • Supply blocks, unpowered buildings, or Contaminate may cause inaccurate times.
  • Supply counts are checked every 10 seconds.